[Event "*** Titled Tuesday Blitz"]
[Site "Chess.com"]
[Date "2020.12.29"]
[Round "10"]
[White "JoAttack"]
[Black "queen_iryna"]
[Result "0-1"]
[WhiteElo "2172"]
[BlackElo "2304"]
[TimeControl "180+1"]
[EndTime "11:55:13 PST"]
[Termination "queen_iryna won on time"]

1. d4 d6 2. c4 e5 3. e3 Nc6 4. Nc3 g6 5. Nf3 Bg7 6. Be2 f5 7. d5 Nce7 8. O-O Nf6 9. b4 O-O 10. Bb2 h6 11. Rc1 g5 12. Ne1 Bd7 13. f4 gxf4 14.
exf4 e4 15. Nc2 Qe8 16. Nd4 Qg6 17. Ne6 Bxe6 18. dxe6 Kh7 19. Rc2 Rg8 20. Kh1 Bh8 21. Rg1 Ng4 22. Bxg4 fxg4 23. Nd5 Bxb2 24. Rxb2 Qxe6 25. Nxc7 Qf6 26. Re2 Rac8 27. Nd5 Nxd5 28.
Qxd5 g3 29. h3 Qxf4 30. Rxe4 Qg5 31. Qxd6 Rg7 32. c5 Rc6 33. Qd3 Qf5 34. Qe3 Rf6 35. Re5 Qf2 36. Qe4+ Kh8 37. Re8+ Rg8 38. Re7 Rg7 39.
Qxb7 Rgf7 40. Re8+ Kg7 0-1

[Event "*** Titled Tuesday Blitz"]
[Site "Chess.com"]
[Date "2020.12.29"]
[Round "10"]
[White "pavel_skatchkov"]
[Black "TheBigBoss04"]
[Result "0-1"]
[WhiteElo "2575"]
[BlackElo "2752"]
[TimeControl "180+1"]
[EndTime "11:55:14 PST"]
[Termination "TheBigBoss04 won on time"]

1. d4 Nf6 2. Nf3 e6 3. g3 b5 4.
Bg2 Bb7 5. O-O d5 6. Nbd2 c5 7. a4 b4 8. c4 bxc3 9. bxc3 Nbd7 10. c4 Be7 11. Rb1 Bc6 12. Ne5 Nxe5 13. dxe5 Nd7 14. cxd5 exd5 15. Nc4 Nb6 16. Nd6+ Bxd6 17. exd6 Qxd6 18. a5 Nc4 19. Bf4 Qe6 20. Re1 O-O 21.
a6 h6 22. Qd3 Rfe8 23. Rb7 Ne5 24. Qd2 Bxb7 25. axb7 Rad8 26. Rb1 Nc6 27. Bc7 Nb4 28. Bxd8 Rxd8 29. Qf4 Qb6 30. Bxd5 Rf8 31. Bxf7+ Kh8 32. Rd1 Qxb7 33. Rd6 Qxf7 0-1

[Event "*** Titled Tuesday Blitz"]
[Site "Chess.com"]
[Date "2020.12.29"]
[Round "10"]
[White "Vusatiuk_Vladimir"]
[Black "yobdc"]
[Result "0-1"]
[WhiteElo "2308"]
[BlackElo "2449"]
[TimeControl "180+1"]
[EndTime "11:55:15 PST"]
[Termination "yobdc won by resignation"]

1. d4 e6 2. c4 f5 3. Nc3 Nf6 4.
g3 d5 5. Bg2 c6 6. Nf3 Bd6 7. O-O O-O 8. Bf4 Bxf4 9. gxf4 Nbd7 10. Ne5 Nxe5 11. fxe5 Ne4 12. Qd3 Bd7 13. f3 Nxc3 14.
bxc3 Be8 15. cxd5 cxd5 16. e4 fxe4 17. fxe4 Bg6 18. Qe3 dxe4 19. Bxe4 Bxe4 20. Qxe4 Qc7 21. Qc2 b5 22. Qb3 Qc6 23. a4 Rxf1+ 24. Rxf1 bxa4 25. Qb4 h6 26. Qe7 Rb8 27. Qf7+ Kh7 28. Qxa7 Rb2 29. Rf2 Rb1+ 30. Rf1 Rb2 31. Rf2 Rb1+ 32. Rf1 Qb5 33.
Rxb1 Qxb1+ 34. Kg2 Qb2+ 35. Kg1 a3 36. Qa8 Qb1+ 37.
Kf2 a2 0-1

[Event "*** Titled Tuesday Blitz"]
[Site "Chess.com"]
[Date "2020.12.29"]
[Round "10"]
[White "NaciSAN"]
[Black "Matols"]
[Result "1-0"]
[WhiteElo "2172"]
[BlackElo "2258"]
[TimeControl "180+1"]
[EndTime "11:55:16 PST"]
[Termination "NaciSAN won by resignation"]

1. e4 e6 2. d3 d5 3. Nd2 Nf6 4. Ngf3 c5 5. g3 Nc6 6. Bg2 g6 7. O-O Bg7 8. Re1 O-O 9. c3 b5 10. e5 Nd7 11. d4 a5 12. Nf1 cxd4 13. cxd4 Qb6 14. Be3 f6 15. exf6 Nxf6 16. Rc1 Bd7 17.
Bf4 Ne4 18. Be3 Rac8 19. N1d2 Nd6 20. Nb3 Nc4 21. Nc5 Nb8 22. b3 Nxe3 23. Rxe3 e5 24. Nxe5 Bf5 25. Bxd5+ Kh8 26. Nf7+ Rxf7 27. Bxf7 Qf6 28.
Be6 Rxc5 29. dxc5 Bxe6 30. Qd6 Bg8 31. Qxb8 Qb2 32. Rce1 Bd4 33. R3e2 Qc3 34. Re8 Bxf2+ 35. Kxf2 Qxc5+ 36. Kg2 Qc2+ 37. R1e2 Qc6+ 38. Kh3 Qd7+ 39. R2e6 Kg7 40. Rxg8+ Kh6 41. Qf8+ 1-0

[Event "*** Titled Tuesday Blitz"]
[Site "Chess.com"]
[Date "2020.12.29"]
[Round "10"]
[White "Roza_Idrisova"]
[Black "VladimirBugayev"]
[Result "1-0"]
[WhiteElo "2176"]
[BlackElo "2244"]
[TimeControl "180+1"]
[EndTime "11:55:17 PST"]
[Termination "Roza_Idrisova won on time"]

1. d4 Nf6 2. Nf3 g6 3. c4 c5 4. d5 b5 5. cxb5 a6 6. Nc3 axb5 7. Nxb5 Qa5+ 8. Nc3 Ba6 9. Bd2 d6 10. g3 Bg7 11.
Bg2 O-O 12. O-O Nbd7 13. Re1 Rfb8 14. b3 Qb6 15. Na4 Qa7 16. Bc3 c4 17. Nd4 Bb5 18. Nc6 Bxc6 19. dxc6 Ne5 20. Bd4 Qc7 21. f4 Nxc6 22.
Bb2 cxb3 23. axb3 Ra6 24. e4 Qa7+ 25. Kh1 Ng4 26. Qxg4 Bxb2 27. Rab1 Bf6 28. h4 h5 29.
Qf3 Rb4 30. Nc3 Nd4 31. Qd3 Rxb3 32. Rxb3 Nxb3 33. Nd5 Ra3 34. Nxf6+ exf6 35. Qxd6 Qf2 36. Qxa3 Qxe1+ 37. Kh2 Nd2 38. Qd3 Kg7 39. e5 fxe5 40. fxe5 Qf2 41. Kh3 Kh7 42. e6 fxe6 43. Qd7+ 1-0

[Event "*** Titled Tuesday Blitz"]
[Site "Chess.com"]
[Date "2020.12.29"]
[Round "10"]
[White "PlotnikovPavel"]
[Black "tsaruk_maks"]
[Result "0-1"]
[WhiteElo "2451"]
[BlackElo "2583"]
[TimeControl "180+1"]
[EndTime "11:55:19 PST"]
[Termination "tsaruk_maks won by checkmate"]

1. e4 e6 2. d3 d5 3. Nd2 Nf6 4. Ngf3 c5 5. g3 Nc6 6. Bg2 Be7 7. O-O O-O 8. Re1 h6 9. Qe2 Qc7 10. Nf1 b5 11. e5 Nd7 12. Bf4 a5 13. h4 Ba6 14. N1h2 Rfb8 15. Ng4 Bf8 16. h5 b4 17.
Qe3 Kh7 18. Nh4 Ne7 19. Nf6+ Kh8 20. Nxd5 Nxd5 21. Bxd5 exd5 22. e6 Bd6 23. Bxh6 Ne5 24. Bxg7+ Kxg7 25. Nf5+ Kf6 26. Qf4 Nxd3 27. Qh6+ Kxf5 28.
cxd3 Rh8 29. Qg7 Rag8 30. g4+ Kf4 31. Qf6+ Kxg4 32. f3+ Kh3+ 33. Kh1 Rxh5 34. exf7 Be7 35. Qe6+ Kg3+ 36. Kg1 Kxf3+ 37. Kf1 Rh1# 0-1

[Event "*** Titled Tuesday Blitz"]
[Site "Chess.com"]
[Date "2020.12.29"]
[Round "10"]
[White "catzapto"]
[Black "Chuchofrio1"]
[Result "1-0"]
[WhiteElo "2131"]
[BlackElo "2251"]
[TimeControl "180+1"]
[EndTime "11:55:21 PST"]
[Termination "catzapto won by checkmate"]

1. e4 c5 2. Nf3 Nc6 3. c3 d5 4. exd5 Qxd5 5. Na3 Nf6 6. d4 e6 7. Nb5 Qd8 8. Bf4 Nd5 9. Bg3 a6 10. c4 axb5 11. cxd5 Qxd5 12. Bxb5 cxd4 13. Bxc6+ bxc6 14. Qxd4 Qxd4 15. Nxd4 Bb4+ 16. Ke2 Ba6+ 17. Kf3 c5 18. Nc2 Bb7+ 19. Ke2 Ba5 20. f3 Ba6+ 21. Kf2 c4 22. Rhd1 Bb6+ 23. Ne3 O-O 24. Be5 Rfd8 25. a4 f6 26. Bc3 Kf7 27. Ke2 Rd3 28. Rxd3 cxd3+ 29. Kd2 Rd8 30. Rc1 e5 31. b4 Bb7 32. b5 Ra8 33. a5 Bd8 34. Kxd3 Ke6 35. Ra1 Be7 36. a6 Rd8+ 37. Kc4 Rc8+ 38. Kb3 Ba8 39. b6 Bc5 40. Nc4 Bd5 41. b7 Rb8 42. Ra5 Bb6 43. Rxd5 Kxd5 44. Nxb6+ Kc6 45. a7 Rxb7 46. a8=Q Kxb6 47. Bb4 Kc6 48.
Qe8+ Kb6 49. Qe6+ Ka7 50. Kc4 Rc7+ 51. Bc5+ Kb7 52. Qb6+ Kc8 53. Qe6+ Kb7 54. Kb5 g6 55. Bb6 Rc8 56. Qd7+ Kb8 57. Qa7# 1-0

[Event "*** Titled Tuesday Blitz"]
[Site "Chess.com"]
[Date "2020.12.29"]
[Round "10"]
[White "vanyakuba"]
[Black "Chessbard1972"]
[Result "1-0"]
[WhiteElo "2458"]
[BlackElo "2321"]
[TimeControl "180+1"]
[EndTime "11:55:23 PST"]
[Termination "vanyakuba won on time"]

1. e4 c5 2. c3 d5 3. exd5 Qxd5 4. d4 Nf6 5. Nf3 Bg4 6. Be2 e6 7. h3 Bh5 8. O-O Nc6 9. Na3 cxd4 10. Nb5 Qd8 11. Nbxd4 Nxd4 12. Nxd4 Bxe2 13. Qxe2 Be7 14. Rd1 Qc8 15. Qb5+ Qd7 16. Qxd7+ Nxd7 17. Nb5 Rd8 18. Nxa7 O-O 19. Be3 Ne5 20. b3 Bf6 21. Bb6 Rd3 22. Rxd3 Nxd3 23. Rd1 Nb2 24. Rd7 Bxc3 25. Rxb7 g6 26.
Nb5 Bf6 27. Bc7 Nd3 28. Rb8 Rxb8 29. Bxb8 Nc1 30. a4 Nxb3 31. Bc7 Be7 32. a5 Nc5 33. Bb6 Na6 34. Nc7 Nxc7 35. Bxc7 Kf8 36. Bb6 Bd6 37. a6 Bb8 38. a7 Bxa7 39. Bxa7 Ke7 40. Kf1 f6 41.
Ke2 e5 42. Ke3 Ke6 43. Bb8 Kd5 44. Kd3 f5 45. Bc7 g5 46. Bd8 h6 47. Bf6 e4+ 48. Ke3 f4+ 49. Ke2 Ke6 50. Bg7 h5 51. Bh6 Kf6 52. h4 1-0

[Event "*** Titled Tuesday Blitz"]
[Site "Chess.com"]
[Date "2020.12.29"]
[Round "10"]
[White "rachidhuilda"]
[Black "lacafi"]
[Result "0-1"]
[WhiteElo "2209"]
[BlackElo "2122"]
[TimeControl "180+1"]
[EndTime "11:55:24 PST"]
[Termination "lacafi won on time"]

1. d4 f5 2. g3 Nf6 3. Bg2 g6 4. c4 Bg7 5. Nc3 O-O 6. Nh3 d6 7. d5 c5 8. Nf4 Na6 9. O-O Nc7 10. Qc2 g5 11. Nd3 h6 12. b4 b6 13. bxc5 bxc5 14. Bb2 Ba6 15. Qa4 Qd7 16. Rfc1 Rab8 17. Rab1 Rb7 18.
Ba1 Rxb1 19. Rxb1 Qxa4 20. Nxa4 Bxc4 21. Rb7 Ncxd5 22. Rxa7 Rb8 23. Nab2 Bxd3 24. exd3 Nb4 25. a3 Nc2 26. Nc4 Nxa1 27. Rxe7 d5 28. Nd6 f4 29. gxf4 Rb1+ 30. Bf1 gxf4 31. Nf5 Bf8 32. Rc7 Nb3 33. Kg2 Nd2 34. Be2 f3+ 35. Bxf3 Nxf3 36. Kxf3 Rb3 37. Ke2 Rxa3 38. Ne7+ Bxe7 39. Rxe7 c4 40.
dxc4 dxc4 41. Rc7 c3 42. Rc6 Kf7 43. Rc7+ Kg6 44. f4 Nd5 45. Rc6+ Kf5 46. Rxh6 Nxf4+ 47. Kd1 Ra2 48. Kc1 c2 0-1

[Event "*** Titled Tuesday Blitz"]
[Site "Chess.com"]
[Date "2020.12.29"]
[Round "10"]
[White "GelmanAlexander"]
[Black "ural58"]
[Result "1/2-1/2"]
[WhiteElo "2559"]
[BlackElo "2426"]
[TimeControl "180+1"]
[EndTime "11:55:26 PST"]
[Termination "Game drawn by stalemate"]

1. d4 d5 2. Nc3 Nf6 3. Bf4 a6 4. e3 c5 5. Nf3 e6 6. Ne5 b5 7. g4 Be7 8. g5 Nfd7 9. Nf3 Nc6 10. h4 Qb6 11. Bg2 b4 12. Ne2 a5 13. O-O Ba6 14.
Re1 O-O 15. h5 f6 16. Ng3 fxg5 17. Nxg5 Bxg5 18. Bxg5 Nf6 19. h6 g6 20. c3 a4 21.
Rc1 a3 22. dxc5 Qc7 23. bxa3 bxa3 24. Rb1 Bc4 25. Qc2 Qe7 26. Rb6 Ne5 27. e4 Qxc5 28. Rxe6 Nfg4 29. Be3 Nxe3 30. Rxe3 Ng4 31. Rf3 Rxf3 32.
Bxf3 dxe4 33. Bxg4 Bxe6 34. Bxe6+ Kh8 35. Qxe4 Rf8 36. Qd4+ Qxd4 37. cxd4 Rb8 38. d5 Rb1+ 39. Kg2 Rd1 40. Ne4 g5 41. Nxg5 Rg1+ 42. Kf3 Rxg5 43.
Ke4 Re5+ 44. Kd4 Rxd5+ 45. Kxd5 1/2-1/2

[Event "*** Titled Tuesday Blitz"]
[Site "Chess.com"]
[Date "2020.12.29"]
[Round "10"]
[White "Mambastik-Fantastic"]
[Black "Fortitudine"]
[Result "0-1"]
[WhiteElo "2217"]
[BlackElo "2337"]
[TimeControl "180+1"]
[EndTime "11:55:28 PST"]
[Termination "Fortitudine won by checkmate"]

1. e4 c5 2. Nf3 d6 3. d4 cxd4 4. Nxd4 Nf6 5. Nc3 Nc6 6. Be2 e5 7. Nf3 Be7 8. Bg5 O-O 9. Bxf6 Bxf6 10. h3 Be6 11. Nd5 Rc8 12. c4 Qa5+ 13. Qd2 Qxd2+ 14. Kxd2 Bxd5 15. cxd5 Ne7 16. Rhc1 Rxc1 17. Rxc1 Rc8 18. Rxc8+ Nxc8 19. g4 h6 20. a4 Kf8 21. b4 Ke8 22. a5 Kd8 23. Kc3 Ne7 24. Nd2 Ng6 25. Nc4 Be7 26. b5 Nf4 27. Bf1 Kc7 28. Kb4 b6 29. axb6+ axb6 30. Ne3 g6 31. Nc4 Bh4 32. f3 Be1+ 33.
Kb3 Bf2 34. Kc3 Bc5 35. Kd2 Kd7 36. Kc3 Ke7 37. Kd2 Kf6 38. Nb2 Kg5 39. Nd3 Nxd3 40.
Kxd3 Kf4 41. Ke2 Kg3 42. h4 Kxh4 43. Bg2 Kg3 44. Kf1 Kh2 45. f4 exf4 46. e5 dxe5 47. Bf3 Kg3 48. Ke2 f5 49. gxf5 gxf5 50. Bh5 e4 51. Bg6 f3+ 52. Kf1 e3 53. Bxf5 e2+ 54. Ke1 Bb4# 0-1

[Event "*** Titled Tuesday Blitz"]
[Site "Chess.com"]
[Date "2020.12.29"]
[Round "10"]
[White "KaterinaMiroshnik"]
[Black "gahryman"]
[Result "1-0"]
[WhiteElo "2568"]
[BlackElo "2675"]
[TimeControl "180+1"]
[EndTime "11:55:29 PST"]
[Termination "KaterinaMiroshnik won on time"]

1. d3 Nf6 2. Nf3 d5 3. Nbd2 c6 4. e4 Bg4 5. Be2 Nbd7 6. O-O e6 7. c3 Qc7 8. Qc2 Bd6 9. h3 Bh5 10. Re1 O-O 11. Nf1 Bg6 12. N3d2 c5 13. g3 c4 14. Ne3 Nc5 15. dxc4 Ncxe4 16. Nxe4 Nxe4 17. Qd1 Bxg3 18. Rf1 Bh2+ 19. Kh1 dxc4 20. Qa4 Bg3 21. Qxc4 Nxf2+ 22. Kg2 Ne4 23. Bf3 Qxc4 24. Nxc4 Bc7 25. Be3 b6 26. a4 Rad8 27. Rfd1 Nc5 28. a5 Bd3 29. axb6 axb6 30. Na5 bxa5 31. Bxc5 Rfe8 32. Bc6 f5 33. Rxd3 Rxd3 34. Bxe8 Rd2+ 35. Kf3 Rd3+ 36. Ke2 Rxh3 37. Rd1 Rh2+ 38. Ke3 Rh3+ 39. Kd4 g5 40. Kc4 Rh4+ 41.
Kb5 g4 42. Rd7 Be5 43. Bf7+ Kh8 44. Bxe6 1-0

[Event "*** Titled Tuesday Blitz"]
[Site "Chess.com"]
[Date "2020.12.29"]
[Round "10"]
[White "Dinamo81"]
[Black "Koksal06"]
[Result "1-0"]
[WhiteElo "2674"]
[BlackElo "2471"]
[TimeControl "180+1"]
[EndTime "11:55:34 PST"]
[Termination "Dinamo81 won by resignation"]

1. d4 d5 2. Bf4 Nf6 3. e3 Bf5 4. c4 c6 5. Nc3 e6 6. Qb3 Qd7 7.
Nf3 Be7 8. h3 O-O 9. Be2 Qc8 10.
O-O Nbd7 11. Rfc1 Nb6 12. Ne5 Nfd7 13. cxd5 Nxe5 14. Bxe5 exd5 15. a4 Be6 16. a5 Nd7 17. Bg3 a6 18. Na4 Bd8 19. Qc3 Bc7 20. Bxc7 Qxc7 21.
b4 Qd6 22. Nc5 Nxc5 23. bxc5 Qe7 24. Rab1 Rac8 25. Bd3 g6 26. Rb2 Rfd8 27. Rcb1 Rd7 28. Rb6 Rcc7 29. R1b2 Qf6 30. Qc2 Qe7 31. Qe2 Kg7 32.
Qf3 Kg8 33. Qf4 Kg7 34. f3 f6 35. h4 h5 36. Qg3 Bf7 37. Kf2 Kh7 38. Qf4 Kg7 39. Rb1 Rc8 40. Rg1 Rh8 41. g4 g5 42. Qf5 hxg4 43. Rxg4 Rxh4 44. Rxh4 gxh4 45. Qh7+ Kf8 46. Qh6+ Ke8 47. Bxa6 bxa6 48. Qh8+ Qf8 49. Rb8+ Rd8 50. Rxd8+ Kxd8 51. Qxf8+ Kc7 52. Qxf7+ Kb8 53. Qxf6 Ka7 54. Qxh4 1-0

[Event "*** Titled Tuesday Blitz"]
[Site "Chess.com"]
[Date "2020.12.29"]
[Round "10"]
[White "Babujj"]
[Black "Kolle05"]
[Result "0-1"]
[WhiteElo "2508"]
[BlackElo "2404"]
[TimeControl "180+1"]
[EndTime "11:55:34 PST"]
[Termination "Kolle05 won by resignation"]

1. d4 Nf6 2. Nf3 g6 3. Bf4 Bg7 4. Nc3 d5 5. h4 h5 6. e3 O-O 7.
Bd3 c5 8. Nb1 Nc6 9. c3 Qb6 10.
Qc1 Bg4 11. Nbd2 Rac8 12. O-O Bxf3 13. Nxf3 Ne4 14. Qb1 cxd4 15. exd4 Nf6 16. Re1 a6 17. a4 e6 18. Ng5 Ne7 19. a5 Qc6 20. Ra3 Nf5 21.
Bxf5 exf5 22. f3 Rfe8 23. Rb3 Nd7 24. Rb4 f6 25. Nh3 Bf8 26. Rb3 Kf7 27. Nf2 b5 28.
axb6 Nxb6 29. Nd3 Nc4 30. Rxe8 Rxe8 31. Qa2 a5 32. Rb8 Rxb8 33. Bxb8 a4 34. b3 axb3 35. Qxb3 Qa6 36. Bf4 Qb6 37. Qxb6 Nxb6 38. Nb4 Bxb4 39.
cxb4 Ke6 40. b5 Nc4 41. Kh2 Kd7 42. Kh3 Na3 43. b6 Kc6 44. Bc7 Nb5 45. Bd8 Nxd4 46. Bxf6 Ne6 47. g4 Kxb6 48. gxh5 gxh5 49. Kg3 Kc5 50.
Be7+ Kc4 51. Bg5 d4 52. Bc1 Kc3 53. Kf2 d3 54. Ke1 Kc2 55. Be3 Nd4 56. Kf2 d2 57. Bxd2 Kxd2 58. Kg3 Ke3 59. f4 Ne2+ 60. Kh3 Nxf4+ 61. Kh2 Kf3 62. Kg1 Kg3 63. Kh1 Kxh4 64. Kg1 Kg4 65. Kh1 h4 66. Kg1 Nd3 67. Kh1 f4 68. Kg1 Kg3 69. Kh1 f3 70. Kg1 f2+ 71.
Kf1 h3 0-1

[Event "*** Titled Tuesday Blitz"]
[Site "Chess.com"]
[Date "2020.12.29"]
[Round "10"]
[White "Schack-Hugo"]
[Black "dosto07"]
[Result "0-1"]
[WhiteElo "2157"]
[BlackElo "2274"]
[TimeControl "180+1"]
[EndTime "11:55:34 PST"]
[Termination "dosto07 won on time"]

1. e4 e5 2. Nf3 Nc6 3. Bc4 Bc5 4. c3 Nf6 5. d3 d6 6. O-O a6 7. Bb3 Ba7 8. Re1 O-O 9. Nbd2 Ng4 10. Re2 Kh8 11. h3 Nh6 12. Nf1 f5 13. Bxh6 gxh6 14. exf5 Bxf5 15. Re1 Qf6 16. Bd5 Nd8 17. Ng3 Bd7 18. d4 c6 19. dxe5 dxe5 20. Be4 Be6 21. Qc2 Nf7 22. Nh5 Qe7 23. Bxh7 Ng5 24. Be4 Nxf3+ 25. Bxf3 Qg5 26. Ng3 Qxg3 27. Qe2 Bxh3 28. Qxe5+ Qxe5 29. Rxe5 Bf5 30. Rae1 Bg6 31. Re7 Rae8 32.
Rxe8 Rxe8 33. Rd1 Re7 34. Rd8+ Kg7 35. Rd2 Kf6 36. g3 Be4 37. Kg2 Bxf3+ 38. Kxf3 h5 39. Rd6+ Kf5 40. Rh6 Kg5 41. Rd6 Bc5 42. Rd2 Rf7+ 43. Kg2 h4 44. Re2 hxg3 45. Kxg3 Kf6 46. f4 Re7 47. Rxe7 Kxe7 48. Kf3 Kf6 49. Ke4 a5 50. b3 Bd6 0-1

[Event "*** Titled Tuesday Blitz"]
[Site "Chess.com"]
[Date "2020.12.29"]
[Round "10"]
[White "Chessmatus"]
[Black "ajdemipopushi"]
[Result "1-0"]
[WhiteElo "2463"]
[BlackElo "2352"]
[TimeControl "180+1"]
[EndTime "11:55:35 PST"]
[Termination "Chessmatus won on time"]

1. e4 c5 2. Nf3 g6 3. d4 cxd4 4. Nxd4 Bg7 5. c4 Nc6 6. Be3 Nf6 7. Nc3 Nxd4 8. Qxd4 d6 9. f3 Be6 10. Rc1 O-O 11.
Qd2 Qa5 12. Be2 Rfc8 13. b3 a6 14. Na4 Qxd2+ 15. Kxd2 Nd7 16. g4 f5 17. exf5 gxf5 18.
h3 Rab8 19. Rhg1 fxg4 20. hxg4 b5 21. cxb5 Rxc1 22. Rxc1 axb5 23. Nc3 Bxc3+ 24. Rxc3 b4 25. Rc2 Ra8 26. Ke1 Nc5 27. Bd2 Rb8 28. Kf2 Kf7 29. Ke3 Bd5 30. Kd4 Ba8 31. Ke3 Bd5 32. Be1 e5 33. Bc4 Bxc4 34. Rxc4 Ra8 35. Rc2 Rb8 36. Rc4 Ra8 37. Bxb4 Rxa2 38. Bxc5 dxc5 39. Rxc5 Ke6 40. Rc6+ Kd5 41. Rh6 Rb2 42. Rb6 h6 43. Rb8 Rb1 44.
b4 Rb3+ 45. Kf2 Kd4 46. b5 Rb2+ 47. Kg3 Rb3 48. Kg2 Ke3 49. b6 Rb2+ 50. Kg3 Rb1 51. b7 e4 52. Re8 Rxb7 53. Rxe4+ Kd3 54. Re6 Rh7 55. Kh4 Rf7 56. Kg3 Rh7 57. f4 Kd4 58. f5 Kd5 59. Kf4 h5 60. g5 h4 61.
Re2 h3 62. Rh2 Kd4 63. g6 Rh8 64. Kg5 Ke5 65. f6 1-0

[Event "*** Titled Tuesday Blitz"]
[Site "Chess.com"]
[Date "2020.12.29"]
[Round "10"]
[White "MasterMK73"]
[Black "bylavochka"]
[Result "1-0"]
[WhiteElo "2238"]
[BlackElo "2132"]
[TimeControl "180+1"]
[EndTime "11:55:36 PST"]
[Termination "MasterMK73 won on time"]

1. e4 c5 2. c3 Nf6 3. e5 Nd5 4. d4 Nc6 5. Nf3 cxd4 6. cxd4 d6 7. Bc4 Nb6 8. Bb5 d5 9. h3 Bf5 10. O-O e6 11. Nc3 h6 12. Bd3 Bxd3 13. Qxd3 Be7 14. b3 O-O 15. a3 a6 16. Re1 Nd7 17. Ne2 b5 18. Ng3 Re8 19. Nh5 Bf8 20.
Bf4 Rc8 21. Bg3 Ne7 22. Bh4 Qb6 23. Bxe7 Bxe7 24. Nh2 g6 25. Nf4 b4 26. Nxg6 fxg6 27. Qxg6+ Kh8 28. Qxh6+ Kg8 29. Qg6+ Kh8 30. Nf3 Nf8 31.
Qh6+ Nh7 32. a4 Rg8 33. a5 Qc6 34. Rac1 Qd7 35. Kh2 Rc3 36. Rxc3 bxc3 37. Rc1 Qc6 38. h4 Ba3 39. Rc2 Be7 40. g3 Bf8 41. Qe3 Bb4 42.
Ne1 Rf8 43. Nd3 Bxa5 44. b4 Bd8 45. Nf4 Qe8 46. Rxc3 Rg8 47. Qf3 Qf8 48. Rc6 Qf5 49. Rxe6 Qe4 50. Qh5 1-0

[Event "*** Titled Tuesday Blitz"]
[Site "Chess.com"]
[Date "2020.12.29"]
[Round "10"]
[White "Snowflake"]
[Black "Piacramling"]
[Result "1-0"]
[WhiteElo "2424"]
[BlackElo "2247"]
[TimeControl "180+1"]
[EndTime "11:55:39 PST"]
[Termination "Snowflake won on time"]

1. Nf3 c5 2. e4 d6 3. b4 cxb4 4. a3 bxa3 5. Nxa3 Nf6 6. e5 dxe5 7. Nxe5 Qd4 8. Bb5+ Nbd7 9. Nxd7 Bxd7 10. Bxd7+ Qxd7 11. d4 g6 12. O-O Bg7 13. c3 O-O 14.
Nc4 b5 15. Ne5 Qd5 16. Ba3 Rfe8 17. Qe2 e6 18. Rab1 a6 19. c4 bxc4 20. Nxc4 Qxd4 21. Rb7 Qe4 22. Qxe4 Nxe4 23. f3 Nc3 24. Nd6 Reb8 25. Rd7 Nb5 26. Nxb5 axb5 27. Bb4 Rd8 28. Rb7 Rab8 29.
Rc7 Rd5 30. Rb1 h5 31. Kf2 Rbd8 32. g3 Rd3 33. Rb7 R8d5 34. Kg2 Rf5 35. f4 Rfd5 36. Kh3 Re3 37. Rb8+ Kh7 38. Rb7 Rf5 39. Bd6 Re2 40. R1xb5 Rxb5 41. Rxb5 Rc2 42. Bc5 Bf6 43. Be3 Kg7 44.
Rb7 Re2 45. Bc5 1-0

[Event "*** Titled Tuesday Blitz"]
[Site "Chess.com"]
[Date "2020.12.29"]
[Round "10"]
[White "MatyChess1"]
[Black "Blue_Ratatoeskr"]
[Result "1-0"]
[WhiteElo "2522"]
[BlackElo "2347"]
[TimeControl "180+1"]
[EndTime "11:55:40 PST"]
[Termination "MatyChess1 won on time"]

1. e4 e6 2. d4 d5 3. Nc3 Nc6 4. Nf3 Nf6 5. Bd3 Nb4 6. Bg5 Nxd3+ 7. cxd3 Be7 8. O-O O-O 9. Rc1 c6 10. Re1 b6 11. e5 Nd7 12. Bxe7 Qxe7 13. Ne2 Bb7 14.
Nf4 Rfc8 15. h4 h6 16. g3 a5 17.
Nh2 Qb4 18. Qg4 Qxd4 19. Nf3 Qb4 20. d4 Qf8 21. Kg2 c5 22. Rh1 cxd4 23. Rce1 Rc4 24.
b3 Rb4 25. Nd3 Nc5 26. Nxb4 axb4 27. Qxd4 Rxa2 28. Re3 Ne4 29. Ra1 Rxf2+ 30. Kg1 Rc2 31. Qxb6 Qc8 32. Ree1 d4 33. Nxd4 Nxg3 34. Nxc2 Qxc2 35.
Qxb7 Qc5+ 36. Kg2 Nf5 37. Qa8+ Kh7 38. Qe4 Qc3 39. Rac1 Qg3+ 40. Kf1 g6 41. Rc2 Qh3+ 42. Qg2 Ng3+ 43. Kg1 Qg4 44. Rf2 Qxh4 45. Rxf7+ Kg8 46. Rf3 1-0

[Event "*** Titled Tuesday Blitz"]
[Site "Chess.com"]
[Date "2020.12.29"]
[Round "10"]
[White "QuintilianoR"]
[Black "Shepherdboy"]
[Result "1/2-1/2"]
[WhiteElo "2662"]
[BlackElo "2386"]
[TimeControl "180+1"]
[EndTime "11:55:41 PST"]
[Termination "Game drawn by repetition"]

1. d4 d5 2. c4 dxc4 3. e3 Nf6 4. Bxc4 e6 5. Nf3 c5 6. O-O a6 7. Bb3 cxd4 8. exd4 Nc6 9. Nc3 Be7 10. Bg5 O-O 11.
Re1 b5 12. Qd2 Bb7 13. Rad1 Na5 14. Ne5 Nxb3 15. axb3 Rc8 16. Bxf6 Bxf6 17. Qf4 Qd6 18. Re3 Rfd8 19. h4 h6 20. Rg3 Kf8 21. Rdd3 Rc7 22.
Ne4 Bxe4 23. Qxe4 Kg8 24. Qf4 Bxe5 25. dxe5 Qxd3 26. Rxd3 Rxd3 27. Qb4 Rd5 28. Qa5 Rc6 29. h5 Rxe5 30. Qd8+ Kh7 31. Qd3+ f5 32. Qg3 Re1+ 33. Kh2 e5 34. f4 Re2 35. fxe5 Re6 36. Qd3 R2xe5 37. b4 Re4 38. Qd5 Rf6 39. Kg1 Rxb4 40. Qe5 Rg4 41. Qe2 Rg5 42. Qf3 Rg4 43. Qd3 Rh4 44. Qf3 b4 45. Qe2 a5 46. Qf3 a4 47.
Qd1 Re4 48. Qxa4 Rh4 49. Qd1 Re4 50. Qf3 Rg4 51. Qd1 Rg5 52. Qf3 Rg4 53. Qd1 Re4 54. Qf3 Rg4 1/2-1/2

[Event "*** Titled Tuesday Blitz"]
[Site "Chess.com"]
[Date "2020.12.29"]
[Round "10"]
[White "Oleksandr_Bortnyk"]
[Black "Borsuk_Konstantin"]
[Result "0-1"]
[WhiteElo "2892"]
[BlackElo "2679"]
[TimeControl "180+1"]
[EndTime "11:55:42 PST"]
[Termination "Borsuk_Konstantin won by resignation"]

1. g4 d5 2. Bg2 c6 3. e3 Nf6 4. g5 Ne4 5. h4 h6 6. d3 Nd6 7. g6 fxg6 8. Nf3 Nd7 9. d4 e5 10. Nxe5 Nxe5 11. dxe5 Nc4 12. f4 Qb6 13. Bh3 Nxe3 14. Qd3 Nf5 15. h5 Be7 16. Nc3 O-O 17. hxg6 Bh4+ 18. Kd1 Be6 19. Bd2 Rad8 20. Kc1 a6 21. b3 c5 22. Na4 Qc6 23. Qc3 Be7 24.
Qf3 b5 25. Nc3 c4 26. Ne2 Bc5 27. b4 Bb6 28. c3 Qd7 29. Rd1 d4 30. cxd4 Nxd4 31.
Bxe6+ Qxe6 32. Nxd4 Bxd4 33. Rb1 Qxg6 34. Qe2 c3 35.
Be1 c2 36. Rb3 cxd1=Q+ 37. Kxd1 Bf2+ 38. Kc1 Bxe1 39. Qxe1 Rxf4 40. e6 Re8 41. Kb2 Rxe6 42. Qd2 Qf6+ 43. Ka3 Rf3 44. Qd5 Rxb3+ 45. Qxb3 Kh7 46.
Qd3+ Qg6 47. Qc3 Rf6 48. Qh3 Rf5 49. Qc3 Rg5 50. Qc2 Rg3+ 51. Kb2 Rg2 52. Ka3 Rxc2 0-1

[Event "*** Titled Tuesday Blitz"]
[Site "Chess.com"]
[Date "2020.12.29"]
[Round "10"]
[White "RobPeresian"]
[Black "Tagliata"]
[Result "0-1"]
[WhiteElo "2432"]
[BlackElo "2322"]
[TimeControl "180+1"]
[EndTime "11:55:43 PST"]
[Termination "Tagliata won on time"]

1. Nf3 g6 2. c4 Bg7 3. d4 f5 4.
g3 Nf6 5. Bg2 O-O 6. Nc3 d6 7.
d5 Qe8 8. O-O a5 9. Rb1 Na6 10.
Re1 Rb8 11. Nd4 Bd7 12. e4 fxe4 13. Nxe4 Nxe4 14. Rxe4 Nc5 15. Re1 Qf7 16. Be3 e5 17. dxe6 Nxe6 18. Bd5 Rbe8 19. Qd2 c6 20. Bxe6 Bxe6 21.
Nxe6 Rxe6 22. b3 Qf5 23. Bb6 Ref6 24. Rbd1 c5 25. Re2 a4 26. bxa4 Qg4 27. f4 Re6 28. Rxe6 Qxe6 29. Qd5 Qxd5 30. Rxd5 Bd4+ 31. Kg2 Ra8 32. a5 Bc3 33. Rxd6 Bxa5 34. Bxc5 Bc7 35. Rd7 Rxa2+ 36. Kf3 Ba5 37. Rxb7 Rc2 38. Bd4 Rxc4 39. Be5 Bc3 40. Bd6 Rc6 41. Be7 Bf6 42. Bb4 Bc3 43.
Ba3 Bf6 44. Ke4 Rc3 45. Bb2 Rc6 46. Kd5 Ra6 47. Bc1 Bg7 48. Be3 Bf6 49. Rb6 Rxb6 0-1

[Event "*** Titled Tuesday Blitz"]
[Site "Chess.com"]
[Date "2020.12.29"]
[Round "10"]
[White "Grandelicious"]
[Black "JonahWillow"]
[Result "1-0"]
[WhiteElo "2883"]
[BlackElo "2722"]
[TimeControl "180+1"]
[EndTime "11:55:44 PST"]
[Termination "Grandelicious won on time"]

1. Nf3 c5 2. e3 Nc6 3. d4 cxd4 4. exd4 d5 5. Nbd2 Nf6 6. Bb5 g6 7. O-O Bg7 8. Ne5 Bd7 9. Nxd7 Qxd7 10. c3 O-O 11.
Re1 a6 12. Bd3 Rfe8 13. Nf3 Qc7 14. Bg5 b5 15. a3 Rab8 16. Bh4 Nh5 17. Bf1 e6 18. Bg5 a5 19. Rc1 Qb7 20. Ne5 f6 21. Nxc6 Qxc6 22. g4 fxg5 23. gxh5 e5 24. dxe5 Rxe5 25.
Rxe5 Bxe5 26. hxg6 hxg6 27. Bg2 Rd8 28. Qd3 Kg7 29.
Re1 Qf6 30. h3 b4 31. axb4 axb4 32. cxb4 Bxb2 33. Rd1 Be5 34. b5 Qf4 35. b6 Rf8 36. Qe3 Qh2+ 37. Kf1 Bg3 38. Rd2 Bf4 39. Qd4+ Kh6 40. Re2 Rc8 41. b7 Rb8 42. Rb2 Be5 43. Qa7 Bxb2 44. Qb6 Qe5 45. Bf3 Bd4 46. Qc6 Qg7 47.
Bxd5 1-0